 Dungeon Crawl Stone Soup version 0.17-a0-484-g0e03f6a (webtiles) character file.

70239 Ololoev the Summoner (level 14, -4/103 HPs)
             Began as a Demigod Summoner on Apr 10, 2015.
             Slain by a tentacled starspawn (12 damage)
             ... on level 1 of the Abyss.
             The game lasted 02:45:50 (36441 turns).

Ololoev the Summoner (Demigod Summoner)            Turns: 36441, Time: 02:45:50

Health: -4/103     AC: 21    Str: 18    XL:     14   Next: 51%
Magic:  24/29      EV: 14    Int: 23    God:
Gold:   2317       SH:  0    Dex: 23    Spells: 5 memorised, 4 levels left

rFire  + . .     SeeInvis .     N - +9 long sword of the Original Sin {vamp, Dex+2}
rCold  . . .     Rnd*Rage +     x - +1 ring mail of a wizard's laboratory {rElec MR+ Str+5}
rNeg   + . .     SustAb   +     (no shield)
rPois  .         Gourm    .     p - +2 helmet
rElec  +         Spirit   .     C - +2 cloak
rCorr  .         Warding  +     A - +2 pair of gloves
rMut   .         Stasis   .     z - +2 pair of boots
MR     ++...                    F - amulet of warding
Stlth  ++........               j - +4 ring of slaying
                                M - +5 ring of dexterity

@: exhausted, slowed, very slow, very resistant to hostile enchantments,
unstealthy
A: berserk 2, dopey 1, fire resistance 1, frail 1, high mp 1, sustain abilities
a: no special abilities


Innate Abilities, Weirdness & Mutations

You have an increased reservoir of magic (+10% MP).
Your attributes are resistant to harm.
Your flesh is heat resistant.
[You often lose your temper in combat.]
[You are dopey. (Int -2)]
[You are frail (-10% HP).]

Inventory:

Hand weapons
 N - the +9 long sword of the Original Sin (weapon) {vamp, Dex+2}
   (You took it off a kobold on level 10 of the Dungeon)

   It inflicts no extra harm, but heals its wielder somewhat when it strikes a
   living foe.
   It affects your dexterity (+2).
Armour
 b - a +0 buckler
 p - a +2 helmet (worn)
 v - a +0 shield of reflection
 x - the +1 ring mail of a wizard's laboratory (worn) {rElec MR+ Str+5}
   (You found it on level 3 of the Lair of Beasts)

   It affects your strength (+5).
   It insulates you from electricity.
   It affects your resistance to hostile enchantments.
 z - a +2 pair of boots (worn)
 A - a +2 pair of gloves (worn)
 C - a +2 cloak (worn)
Jewellery
 d - an uncursed ring of poison resistance
 j - a +4 ring of slaying (right hand)
 F - an amulet of warding (around neck)
 M - a +5 ring of dexterity (left hand)
Magical devices
 f - a wand of invisibility (5)
 g - a wand of draining (9)
 y - a wand of fireball (6)
 I - a wand of teleportation (1)
Scrolls
 a - a scroll of blinking
 e - 6 scrolls of recharging
 n - a scroll of magic mapping
 o - a scroll of fog
 s - 2 scrolls of amnesia
 u - 5 scrolls of remove curse
 w - a scroll of fear
Potions
 i - 6 potions of curing
 k - 3 potions of restore abilities
 m - 2 potions of resistance
 r - 2 potions of cure mutation
 t - a potion of agility
 D - 4 potions of magic
 G - 2 potions of brilliance
 J - 4 potions of haste
Books
 L - a book of Summonings

   Spells                             Type                      Level
   a - Abjuration                     Summoning                    3
   b - Recall                         Summoning/Translocation      3
   c - Shadow Creatures               Summoning                    5
   d - Summon Demon                   Summoning                    5
   e - Summon Forest                  Summoning/Translocation      5
   f - Monstrous Menagerie            Summoning                    6
Miscellaneous
 E - a fan of gales (inert)
 P - a stone of tremors
Comestibles
 c - 17 bread rations
 h - 9 fruits
 B - 5 slices of pizza
 K - 3 beef jerkies


   Skills:
 + Level 8.0 Fighting
 * Level 10.8 Long Blades
 + Level 8.0 Armour
 + Level 8.4 Dodging
 - Level 1.7 Stealth
 + Level 7.4 Spellcasting
 * Level 13.1 Summonings
 - Level 9.0 Translocations


You had 4 spell levels left.
You knew the following spells:

 Your Spells              Type           Power        Failure   Level  Hunger
a - Shadow Creatures      Summ           N/A          1%          5    #####..
b - Monstrous Menagerie   Summ           ######....   10%         6    ######.
c - Call Canine Familiar  Summ           ######..     1%          3    None
d - Summon Lightning Spi  Summ/Air       #####...     12%         4    ###....
e - Summon Forest         Summ/Tloc      ######....   4%          5    #####..


You were on level 1 of the Abyss.
You were hungry.

You visited 3 branches of the dungeon, and saw 25 of its levels.
You visited the Abyss 1 time.
You also visited: Labyrinth and Volcano.

You collected 2874 gold pieces.
You spent 557 gold pieces at shops.

.#### #.
#.#.###
...#.#...
..# #.#.#
#.####
##..#.###
#.##))#.#
#@##.)#
#.X.###
#.##.##
#.# #.#
#. ## .
.# #

Notes
Turn   | Place    | Note
--------------------------------------------------------------
     0 | D:1      | Ololoev, the Demigod Summoner, began the quest for the Orb.
     0 | D:1      | Reached XP level 1. HP: 14/14 MP: 5/5
   600 | D:1      | Reached XP level 2. HP: 18/20 MP: 7/7
   633 | D:1      | Learned a level 2 spell: Call Imp
   666 | D:1      | Reached skill level 4 in Summonings
  1308 | D:2      | Reached XP level 3. HP: 26/26 MP: 8/8
  1315 | D:1      | Learned a level 3 spell: Call Canine Familiar
  1487 | D:2      | Found a white marble altar of Elyvilon.
  2112 | D:2      | Reached skill level 5 in Summonings
  2457 | D:2      | Reached XP level 4. HP: 17/33 MP: 7/9
  2600 | D:3      | Noticed Ololoev's ghost (weakling DgWn)
  2792 | D:3      | Found a bloodstained altar of Trog.
  2845 | D:3      | Killed Ololoev's ghost
  3458 | D:4      | Reached XP level 5. HP: 38/38 MP: 11/11
  3885 | D:4      | Reached skill level 6 in Summonings
  3905 | D:4      | Found Ifia's Magic Scroll Boutique.
  3910 | D:4      | Bought a scroll of blinking for 97 gold pieces
  3910 | D:4      | Bought a scroll of amnesia for 45 gold pieces
  3910 | D:4      | Bought a scroll of identify for 26 gold pieces
  3910 | D:4      | Bought a scroll of identify for 26 gold pieces
  4264 | D:4      | Learned a level 3 spell: Summon Guardian Golem
  4434 | D:4      | Reached XP level 6. HP: 17/45 MP: 5/13
  4767 | D:4      | Noticed an ogre
  4790 | D:4      | Killed an ogre
  4901 | D:5      | Entered Level 5 of the Dungeon
  4902 | D:5      | Noticed DeadSlay's ghost (experienced GrFE)
  4918 | D:5      | Killed DeadSlay's ghost
  4918 | D:5      | Reached skill level 7 in Summonings
  5267 | D:5      | Reached XP level 7. HP: 14/50 MP: 11/15
  5697 | D:5      | Noticed Duvessa
  5699 | D:5      | Noticed Dowan
  5763 | D:5      | Killed Duvessa
  5778 | D:5      | Killed Dowan
  5864 | D:5      | Reached skill level 8 in Summonings
  6155 | D:5      | Found a staircase to the Ecumenical Temple.
  6197 | D:5      | Found a stormy altar of Qazlal.
  6278 | D:6      | Noticed Ololoev's ghost (experienced DgWn)
  6326 | D:6      | Found an ancient bone altar of Kikubaaqudgha.
  6358 | D:6      | Found a shimmering altar of Xom.
  6376 | D:6      | Found a radiant altar of Vehumet.
  6579 | D:6      | Noticed Edmund
  6598 | D:6      | Killed Edmund
  6598 | D:6      | Reached skill level 1 in Armour
  7176 | D:6      | Gained mutation: Your flesh is heat resistant. [mutagenic meat]
  7277 | D:6      | Killed Ololoev's ghost
  7277 | D:6      | Reached XP level 8. HP: 45/57 MP: 10/18
  7552 | D:6      | Found a basalt altar of Yredelemnul.
  7617 | D:6      | Reached skill level 9 in Summonings
  7953 | D:6      | Learned a level 5 spell: Summon Forest
  8136 | D:7      | Reached skill level 1 in Translocations
  8430 | D:4      | Bought a scroll of identify for 26 gold pieces
  8430 | D:4      | Bought 2 scrolls of magic mapping for 91 gold pieces
  9508 | D:8      | Noticed Joseph
  9531 | D:8      | Killed Joseph
  9764 | D:8      | Noticed Grum
  9780 | D:8      | Reached XP level 9. HP: 21/62 MP: 4/19
 10200 | D:8      | Noticed Erica
 10223 | D:8      | Noticed Erolcha
 10573 | D:8      | Paralysed by Erolcha for 7 turns
 10583 | D:8      | Killed Erolcha
 10583 | D:8      | Reached skill level 10 in Summonings
 10583 | D:8      | Reached skill level 5 in Translocations
 10663 | D:8      | Killed Grum
 10675 | D:8      | Killed Erica
 10979 | D:8      | Noticed Psyche
 10998 | D:8      | Killed Psyche
 11147 | D:8      | Found a burning altar of Makhleb.
 11694 | D:9      | Found Vexadan's Antique Weapon Shop.
 12611 | D:10     | Entered Level 10 of the Dungeon
 12651 | D:10     | Found a staircase to the Lair.
 12814 | D:10     | Reached skill level 1 in Fighting
 12852 | D:10     | Learned a level 5 spell: Shadow Creatures
 12909 | D:10     | Reached XP level 10. HP: 58/71 MP: 15/21
 13072 | D:10     | Reached skill level 5 in Spellcasting
 13082 | D:10     | Got a brightly glowing long sword
 13089 | D:10     | Identified the +9 long sword of the Original Sin {vamp, Dex+2} (You took it off a kobold on level 10 of the Dungeon)
 13102 | D:10     | Noticed a hill giant
 13122 | D:10     | HP: 2/72 [centaur/arrow of frost[the player character] (2)]
 13124 | D:10     | Killed a hill giant
 13124 | D:10     | Reached skill level 1 in Long Blades
 13634 | D:10     | Found Hetaiz's Weapon Emporium.
 13635 | D:10     | Found a staircase to the Orcish Mines.
 13635 | D:10     | Found Qattus's Armour Emporium.
 14427 | Orc:1    | Entered Level 1 of the Orcish Mines
 14718 | Orc:1    | Found a roughly hewn altar of Beogh.
 15432 | Orc:3    | Found a dark tunnel.
 15484 | Volcano  | Entered a volcano
 16043 | Orc:3    | Noticed Maurice
 16059 | Orc:3    | Killed Maurice
 16305 | Orc:3    | Noticed Urug
 16319 | Orc:3    | Killed Urug
 16872 | Orc:3    | Noticed an orc warlord
 16996 | Orc:3    | Killed an orc warlord
 16996 | Orc:3    | Reached skill level 11 in Summonings
 17071 | Orc:4    | Entered Level 4 of the Orcish Mines
 17253 | Orc:4    | Noticed Donald
 17265 | Orc:4    | Killed Donald
 17265 | Orc:4    | Reached XP level 11. HP: 70/83 MP: 12/22
 17547 | Orc:4    | Found Iiorhodywe's Incredible Inventory.
 17550 | Orc:4    | Noticed an orc knight
 17981 | Orc:4    | Noticed an orc sorcerer
 17984 | Orc:4    | Killed an orc knight
 17996 | Orc:4    | Killed an orc sorcerer
 17996 | Orc:4    | Reached skill level 5 in Long Blades
 18190 | Orc:4    | Bought a scroll of identify for 26 gold pieces
 18219 | Orc:4    | Noticed an orc knight
 18228 | Orc:4    | Noticed an orc knight
 18228 | Orc:4    | Noticed an orc high priest
 18803 | D:4      | Bought a scroll of enchant armour for 97 gold pieces
 18803 | D:4      | Bought a scroll of recharging for 123 gold pieces
 19009 | Lair:1   | Entered Level 1 of the Lair of Beasts
 19917 | Lair:1   | Reached skill level 5 in Dodging
 20232 | Lair:1   | Noticed a five-headed hydra
 20254 | Lair:1   | Killed a five-headed hydra
 20497 | Lair:2   | Noticed Nergalle
 20515 | Lair:2   | Killed Nergalle
 20571 | Lair:2   | Found a labyrinth entrance.
 20600 | Lab      | Entered a labyrinth
 20835 | Lab      | Noticed a minotaur
 20874 | Lab      | Killed a minotaur
 20881 | Lab      | Got an uncursed slimy eveningstar {flame}
 20908 | Lab      | Got a crude large shield
 20911 | Lab      | Identified the Collected Works on Mutagenic Calling
 20930 | Lab      | Learned a level 6 spell: Monstrous Menagerie
 20937 | Lab      | Identified the +4 eveningstar "Lyxug" {flame, Dex+4 Stlth+} (You took it off a minotaur in a labyrinth)
 21122 | Lair:2   | Reached skill level 5 in Fighting
 21122 | Lair:2   | Reached skill level 5 in Armour
 21868 | Lair:2   | Noticed a five-headed hydra
 21875 | Lair:2   | Killed a five-headed hydra
 22069 | Lair:3   | Got a transparent ring mail
 22080 | Lair:3   | Identified the cursed +1 ring mail of a wizard's laboratory {rElec MR+ Str+5} (You found it on level 3 of the Lair of Beasts)
 22087 | Lair:3   | Identified the +0 large shield of Aciepapn {rN+ Str+3} (You found it in a labyrinth)
 22125 | Lair:3   | Noticed a six-headed hydra
 22144 | Lair:3   | Killed a six-headed hydra
 22171 | Lair:3   | Reached XP level 12. HP: 81/94 MP: 9/23
 22291 | Lair:3   | Found a hole to the Spider Nest.
 22491 | Lair:3   | Found a staircase to the Swamp.
 23678 | Lair:4   | Identified the Reference Book on Hurtful Flight
 26173 | Lair:6   | Found a viscous altar of Jiyva.
 26180 | Lair:6   | Found a staircase to the Slime Pits.
 27194 | Lair:6   | Reached XP level 13. HP: 87/103 MP: 26/26
 28578 | Lair:7   | Reached skill level 12 in Summonings
 28771 | Lair:8   | Entered Level 8 of the Lair of Beasts
 30500 | Lair:8   | Reached skill level 10 in Long Blades
 30824 | Lair:8   | Learned a level 4 spell: Summon Lightning Spire
 31561 | D:11     | Found a portal to a secret trove of treasure.
 32467 | D:11     | Reached XP level 14. HP: 75/113 MP: 28/28
 32693 | D:12     | Found an iron altar of Okawaru.
 33580 | D:13     | Found a gate to the Vaults.
 33583 | D:13     | Cast into the Abyss (a wizard)
 33588 | Abyss:1  | Identified a scroll of acquirement
 33624 | Abyss:1  | Found a corrupted altar of Lugonu.
 34139 | Abyss:1  | Found a corrupted altar of Lugonu.
 34149 | Abyss:1  | Noticed a bone dragon
 34272 | Abyss:1  | Noticed a tentacled starspawn
 34285 | Abyss:1  | Killed a tentacled starspawn
 34305 | Abyss:1  | Noticed a deep elf sorcerer
 34391 | Abyss:1  | Found a corrupted altar of Lugonu.
 34751 | Abyss:1  | Noticed a tentacled starspawn
 34844 | Abyss:1  | Reached skill level 13 in Summonings
 35033 | Abyss:1  | Noticed a daeva
 35855 | Abyss:1  | Noticed a bone dragon
 35881 | Abyss:1  | Noticed a lich
 36057 | Abyss:1  | Noticed a deep elf sorcerer
 36070 | Abyss:1  | Killed a deep elf sorcerer
 36432 | Abyss:1  | Noticed a tentacled starspawn
 36441 | Abyss:1  | Slain by a tentacled starspawn

Dungeon Overview and Level Annotations

Branches:
Dungeon (13/15)            Temple (0/1) D:5            Lair (8/8) D:10
  Swamp (0/5) Lair:3       Spider (0/5) Lair:3        Slime (0/6) Lair:6
    Orc (4/4) D:10         Vaults (0/5) D:13
    Elf: Orc:3-4

Shops:
D:4 ?   D:9 (   D:10 ([   Orc:4 *

Portals:
Trove: D:11 (give +4 ice dragon armour)


Message History

You destroy the wight!
No target in view!
No target in view!
Things that are here:
a morningstar of freezing; a robe You start waiting.
The tentacled starspawn bites you.
The tentacled starspawn engulfs you but does no damage.
A tentacled starspawn comes into view.
You slash the tentacled starspawn!
The tentacled starspawn is lightly damaged.
You slash the tentacled starspawn!
The tentacled starspawn is moderately damaged.
The tentacled starspawn bites you. The tentacled starspawn misses you.
You hit the tentacled starspawn.
The tentacled starspawn is moderately damaged.
The tentacled starspawn bites you! The tentacled starspawn engulfs you!
The tentacled starspawn bites you!! The tentacled starspawn engulfs you!
You are too injured to fight recklessly!
You are too injured to fight recklessly!
You are too injured to fight recklessly!
Drink which item? (? for menu, Esc to quit)
You feel much better.
Casting: Shadow Creatures
Confirm with . or Enter, or press ? or * to list all spells.
You summon a lindwurm!
You are feeling hungry.
The tentacled starspawn bites you. The tentacled starspawn engulfs you!
You swap places.
The tentacled starspawn bites your lindwurm!!
The tentacled starspawn engulfs your lindwurm but does no damage.
Your lindwurm barely misses the tentacled starspawn. x2
Your lindwurm claws the tentacled starspawn.
The tentacled starspawn bites your lindwurm!!
Your lindwurm dies!
Your lindwurm's corpse disappears in a puff of smoke!
Found a gateway leading out of the Abyss.
There is a gateway leading out of the Abyss here.
The tentacled starspawn bites you!! The tentacled starspawn engulfs you!
You die...

You could see a tentacled starspawn.

Vanquished Creatures
  A tentacled starspawn (Abyss:1)
  A deep elf sorcerer (Abyss:1)
  A minotaur (Lab)
  A hydra (Lair:7)
  2 death yaks (Lair:8)
  2 thrashing horrors (Abyss:1)
  An ice devil (Abyss:1)
  3 skeletal warriors (D:11)
  A giant orange brain (Abyss:1)
  8 black mambas
  An orc sorcerer (Orc:4)
  An oklob plant (D:12)
  2 cyclopes (D:11)
  7 elephants
  An eye of devastation (Abyss:1)
  An orange demon (Abyss:1)
  A queen ant (Lair:6)
  2 centaur skeletons
  3 smoke demons (Abyss:1)
  A hellion (Abyss:1)
  A gargoyle (D:12)
  13 spiny frogs
  3 komodo dragons
  3 ancient zymes (Abyss:1)
  2 fire drakes
  A hellwing (Abyss:1)
  2 dryads (Lair:4)
  A queen bee (shapeshifter) (D:13)
  A polar bear (Lair:2)
  12 blink frogs
  2 large abominations (Abyss:1)
  A raiju (Abyss:1)
  A water elemental (Abyss:1)
  2 wraiths
  4 starcursed masses (Abyss:1)
  A wyvern (D:11)
  13 yaks
  A chaos spawn (Abyss:1)
  12 humans (D:13)
  2 trapdoor spiders (Lair:3)
  3 ynoxinuls (Abyss:1)
  2 basilisks
  A fire bat (Abyss:1)
  9 hippogriffs
  3 vampire mosquitoes (Lair:3)
  2 neqoxecs (Abyss:1)
  A hungry ghost (D:12)
  5 wolves
  15 soldier ants (Lair:6)
  2 mottled dragons
  10 porcupines
  21 water moccasins
  6 black bears
  An orc warrior (Orc:1)
  5 ogres
  An ice beast (D:13)
  3 phantoms
  2 sky beasts
  7 centaurs
  2 boring beetles
  16 giant frogs
  14 crocodiles
  7 small abominations (Abyss:1)
  A scorpion (D:4)
  4 wights
  7 killer bees (D:10)
  A giant frog zombie (D:8)
  A jelly (D:11)
  6 crimson imps
  6 orc priests
  8 hounds
  11 orc wizards
  A giant frog skeleton (D:12)
  4 iguanas
  37 worker ants
  10 sheep
  A hound skeleton (D:11)
  17 adders
  34 river rats
  A shadow imp (D:7)
  3 worms
  2 ufetubi (Abyss:1)
  An adder skeleton (D:7)
  6 giant geckos
  3 oozes
  61 orcs
  22 bats
  A bat skeleton (D:7)
  7 giant cockroaches
  20 goblins
  18 hobgoblins
  15 kobolds
  8 quokkas
  2 giant gecko skeletons
  3 giant newts
  10 jackals
  A jackal skeleton (D:9)
  A jackal zombie (D:7)
  2 orc skeletons (Orc:4)
  A quokka skeleton (D:6)
  34 rats
  3 ballistomycetes
  2 plants (D:10)
633 creatures vanquished.

Vanquished Creatures (collateral kills)
  Donald (Orc:4)
  An orc warlord (Orc:3)
  Erolcha (D:8)
  5 hydras
  4 catoblepae (Lair:8)
  Erica (D:8)
  7 death yaks (Lair:8)
  A hell hog (Abyss:1)
  A thrashing horror (Abyss:1)
  Nergalle (Lair:2)
  2 wretched stars (Abyss:1)
  An unseen horror (D:11)
  A hill giant (D:10)
  An orc knight (Orc:4)
  A wizard (D:13)
  A fire giant zombie (Abyss:1)
  5 elephants
  Maurice (Orc:3)
  3 black mambas
  A guardian serpent (Abyss:1)
  The ghost of Ololoev the Poker, an experienced DgWn (D:6)
  6 spiny frogs
  The ghost of DeadSlay the Firebug, an experienced GrFE of Vehumet (D:5)
  3 large abominations (Abyss:1)
  A two-headed ogre (D:10)
  3 komodo dragons
  3 trolls
  A polar bear (Lair:8)
  A deep elf mage (D:10)
  A boulder beetle (Lair:8)
  2 trapdoor spiders (Lair:3)
  9 blink frogs
  A spriggan (D:9)
  20 yaks
  An ettin skeleton (Abyss:1)
  A hippogriff (D:7)
  3 humans (D:13)
  Grum (D:8)
  4 vampire mosquitoes (Lair:3)
  10 wolves
  A hungry ghost (D:10)
  A warg (Orc:3)
  Edmund (D:6)
  4 porcupines
  Duvessa (D:5)
  A black bear (D:10)
  2 ice beasts
  15 orc warriors
  4 ogres
  A necrophage (D:10)
  7 centaurs
  A big kobold (D:10)
  5 giant frogs
  Dowan (D:5)
  A wyvern skeleton (D:10)
  The ghost of Ololoev the Chopper, a weakling DgWn (D:3)
  2 electric eels
  A killer bee (D:10)
  16 wights
  2 goliath beetles
  18 orc priests
  3 crimson imps
  2 centaur skeletons
  16 orc wizards
  4 worker ants
  2 hounds
  3 iguanas
  5 spectral orcs (Lair:2)
  A hell rat (D:6)
  A sheep (Lair:8)
  2 hound skeletons (D:6)
  A mummy (D:7)
  A worker ant zombie (D:10)
  3 adders
  7 gnolls
  3 river rats
  A worm (D:2)
  An orc skeleton (Orc:4)
  An ooze (D:3)
  A giant gecko (D:8)
  51 orcs
  A ball python (D:5)
  A bat (D:5)
  A bat zombie (D:5)
  A giant cockroach (D:3)
  A goblin (Orc:1)
  A hobgoblin (Orc:3)
  A quokka (Lair:5)
  A jackal (D:3)
  6 kobolds
  2 orc zombies (Orc:4)
  3 rats
  A ballistomycete (D:7)
  11 fungi
  33 plants
372 creatures vanquished.

Vanquished Creatures (others)
  A thrashing horror (Abyss:1)
  Urug (Orc:3)
  3 lindwurms
  A wizard (D:13)
  A manticore (Lair:7)
  Joseph (D:8)
  A black mamba (Lair:1)
  Psyche (D:8)
  2 fire drakes
  A raiju (Abyss:1)
  A blink frog (Lair:8)
  11 dryads
  2 shadows
  A wraith (D:11)
  An air elemental (D:13)
  A hippogriff (D:11)
  27 wolves
  3 wargs
  2 water moccasins
  5 porcupines
  31 guardian golems
  A giant frog (D:11)
  A big kobold (D:11)
  A wyvern zombie (D:5)
  4 crocodiles
  6 crimson imps
  2 iron imps
  A quasit (D:8)
  2 orc wizards (Orc:4)
  7 hounds
  3 iguanas (Lair:2)
  A small abomination (Abyss:1)
  3 adders
  12 river rats
  A shadow imp (D:10)
  4 white imps
  8 orcs
  A kobold (D:11)
  3 giant spores
  2 goblins
  A quokka (Lair:2)
  A rat (D:8)
  A butterfly (Lair:1)
  11 fungi (Lair:8)
  4 plants
  4 snaplasher vines
  2987 snaplasher vine segments
  6 starspawn tentacles (Abyss:1)
  23 starspawn tentacle segments (Abyss:1)
3199 creatures vanquished.

Grand Total: 4204 creatures vanquished

Action                   |  1- 3 |  4- 6 |  7- 9 | 10-12 | 13-15 || total
-------------------------+-------+-------+-------+-------+-------++-------
Melee: Whip              |   153 |   126 |    81 |       |       ||   360
       Flail             |       |       |   404 |    11 |       ||   415
       Long sword        |       |       |       |  1162 |   959 ||  2121
 Cast: Summon Small Mamm |     2 |       |     1 |       |       ||     3
       Call Imp          |     4 |    10 |    17 |       |       ||    31
       Call Canine Famil |       |    14 |    43 |    16 |     4 ||    77
       Summon Guardian G |       |     5 |    36 |    10 |       ||    51
       Summon Forest     |       |       |     2 |    49 |    25 ||    76
       Shadow Creatures  |       |       |     1 |    52 |    41 ||    94
       Monstrous Menager |       |       |       |       |     4 ||     4
Evoke: Wand              |       |       |       |     5 |     5 ||    10
       Fan of gales      |       |       |       |       |     1 ||     1
  Use: Scroll            |       |     7 |    11 |    23 |    20 ||    61
       Potion            |       |       |       |     5 |     5 ||    10
 Stab: Sleeping          |     5 |     7 |     1 |     9 |     3 ||    25
       Distracted        |     1 |       |       |     7 |     4 ||    12
       Petrifying        |       |       |       |     2 |     1 ||     3
       Confused          |       |       |       |       |     1 ||     1
  Eat: Chunk             |     5 |    11 |    26 |    57 |    29 ||   128
       Beef jerky        |       |       |     1 |     2 |       ||     3
       Fruit             |       |       |     3 |     3 |     7 ||    13
       Meat ration       |       |       |       |     5 |     3 ||     8
       Royal jelly       |       |       |       |     1 |     1 ||     2
       Pizza             |       |       |       |     1 |       ||     1

Vault maps used:
D:1:      minmay_arrival_five_plusses, serial_corexii_hall,
          corexii_hall_statues_u, corexii_hall_statues_x, minmay_unequal
D:2:      elyvilon_altar_3
D:3:      lemuel_crystal_altar
D:4:      serial_shops, shop_scrolls
D:5:      nicolae_qazlal_eye_of_the_storm, minmay_temple_entry_statues_pillars,
          first_bread, uniq_duvessa
D:6:      lemuel_ratsnest, old_standard_altar, grunt_temple_overflow_open,
          basic_altar, uniq_edmund
D:8:      lemuel_round_altar, uniq_erolcha, uniq_erica, uniq_psyche,
          uniq_joseph, uniq_grum
D:9:      serial_shops, shop, the_bakery, minmay_orc_keep
D:10:     dpeg_oklobed_lair, orc_david_3, minmay_misc_feat_diagonals
D:11:     nicolae_trove_entry_free_sample
D:12:     minmay_misc_feat_enclosed, lemuel_oklob_altar
D:13:     cheibrodos_breeding_chamber, grunt_vaults_entry_tiered,
          minmay_crystal_box
Lair:1:   patterned_corridor, serial_bayou_shore_a
Lair:2:   lab_entry_generic, wad_woods_river_01, uniq_nergalle
Lair:3:   minmay_swamp_entry_swarm, spider_nest_entry_webs
Lair:4:   bobbens_dragon_lair_wall, lemuel_fruit_fields, lemuel_fruit_fields,
          infiniplex_staircase_pool
Lair:5:   minivault_25, st_stairs_13, minivault_25, columned_hall_lemuel
Lair:6:   beast_lair_carwin_large_1, slime_altar_1, zaba_anthell
Lair:8:   evilmike_catoblepas_cave, st_stairs_5
Orc:1:    basic_altar
Orc:3:    nicolae_volcano_entry_two_sided, nicolae_orc_pool_cavern, uniq_urug,
          uniq_maurice
Orc:4:    grunt_orc_tribal_feast, nicolae_orc_damp_corner,
          nicolae_alphabet_shops, uniq_donald
Lab:      nicolae_lab_dead_adventurers, nicolae_lab_grate_2
Volcano:  volcano_caves
